AoeStats
← Ken

Black Forest

509902330Analyzed
4v4 RM · 3d ago on Sep 28, 2026· 45m 36s· 8 players
Game mode
Random Map
Map size
Large (8 player)
Population
200
Speed
Normal
Resources
Standard
Victory
Conquest
Starting age
Dark Age
Ending age
Imperial Age
RankedLock teamsTeams togetherTeam positionsShared explorationLock speedFull tech treeHidden civsTurbo modeCheats
Victory
Defeat
🇩🇪 Italians · Germany
1087
+12
🇮🇹 Turks · Italy
1082
+13
🇧🇷 Vietnamese · Brazil
1074
+13
🇦🇹 Celts · Austria
991
+16
🇨🇳 Franks · China
1041
-15
🇨🇳 Franks · China
1008
-14
🇨🇳 Byzantines · China
991
-13
🇨🇳 Bohemians · China
978
-12
Ken
11:00 Feudal Age
15:44 Castle Age
13:44 Double-Bit Axe
17:04 Bow Saw
17:29 Stone Mining
18:13 Loom
21:39 Wheelbarrow
24:09 Husbandry
24:25 Scale Barding Armor
26:45 Forging
29:58 Gold Mining
31:47 Chain Barding Armor
32:02 Iron Casting
33:04 Iron Casting
34:28 Hand Cart
35:53 Padded Archer Armor
35:43 Fletching
35:54 Scale Mail Armor
36:23 Ballistics
38:49 Imperial Age
37:00 Leather Archer Armor
36:36 Ordonnance Companies
39:23 Bodkin Arrow
39:48 Chain Mail Armor
41:55 Chemistry
40:36 Treadmill Crane
41:48 Conscription
40:51 Elite Throwing Axeman
42:02 Conscription
41:17 Cavalier
43:55 Plate Barding Armor
44:21 Blast Furnace
43:51 Plate Mail Armor
44:20 Paladin
45:47 Plate Mail Armor
45:28 Town Watch
zmcd
0:32 Loom
11:59 Feudal Age
12:54 Double-Bit Axe
16:33 Castle Age
15:18 Horse Collar
24:53 Wheelbarrow
24:21 Heavy Plow
24:39 Town Watch
25:17 Fervor
25:51 Hand Cart
27:41 Chemistry
27:24 Sanctity
33:30 Imperial Age
32:23 Ballistics
32:14 Masonry
32:35 Fletching
32:54 Murder Holes
36:59 Siege Engineers
37:46 Conscription
38:30 Architecture
un908561
2:38 Loom
13:34 Feudal Age
17:25 Castle Age
76561199017414489
10:38 Feudal Age
16:27 Castle Age
14:36 Double-Bit Axe
17:48 Bow Saw
25:14 Gold Mining
25:15 Stone Mining
27:07 Gold Shaft Mining
32:10 Imperial Age
30:30 Husbandry
30:44 Scale Barding Armor
30:49 Forging
31:49 Chain Barding Armor
32:38 Wheelbarrow
31:55 Town Watch
32:15 Cavalier
33:40 Iron Casting
36:40 Blast Furnace
36:26 Plate Barding Armor
36:53 Hand Cart
40:28 Conscription
39:53 Paladin
Sam
2:36 Loom
12:12 Feudal Age
12:47 Double-Bit Axe
13:23 Man-at-Arms
20:10 Horse Collar
20:26 Gold Mining
26:44 Castle Age
26:06 Fletching
26:17 Padded Archer Armor
26:46 Scale Mail Armor
26:56 Forging
27:45 Bow Saw
27:41 Pikeman
29:48 Squires
30:06 Pikeman
32:20 Wheelbarrow
31:33 Town Watch
31:46 Town Watch
32:55 Hand Cart
33:42 Heavy Plow
33:45 Bodkin Arrow
33:51 Padded Archer Armor
34:12 Chain Mail Armor
38:59 Stone Mining
44:01 Imperial Age
42:11 Iron Casting
41:37 Padded Archer Armor
41:42 Scale Barding Armor
41:40 Caravan
41:37 Treadmill Crane
42:18 Ballistics
42:11 Masonry
46:07 Two-Man Saw
45:44 Stone Shaft Mining
45:40 Crop Rotation
45:24 Town Patrol
45:49 Ballistics
46:30 Chemistry
45:35 Siege Engineers
45:41 Fortified Wall
44:55 Halberdier
44:56 Elite Fire Lancer
45:24 Arson
46:14 Plate Mail Armor
tortodde
9:58 Feudal Age
10:34 Double-Bit Axe
10:32 Horse Collar
16:41 Castle Age
18:05 Bow Saw
17:59 Heavy Plow
22:12 Gold Mining
23:34 Stone Mining
25:19 Stone Shaft Mining
29:49 Imperial Age
28:11 Ballistics
27:54 Scale Mail Armor
28:04 Forging
27:45 Fletching
27:55 Padded Archer Armor
28:14 Loom
29:06 Wheelbarrow
28:18 Town Watch
29:56 Bodkin Arrow
30:36 Iron Casting
30:16 Chain Mail Armor
31:19 Conscription
30:20 Elite Genoese Crossbowman
32:07 Two-Man Saw
31:40 Crop Rotation
32:33 Chemistry
31:51 Leather Archer Armor
31:36 Bracer
32:20 Hand Cart
32:07 Town Patrol
36:16 Ring Archer Armor
36:16 Plate Mail Armor
36:47 Blast Furnace
Bantum
0:26 Loom
12:24 Feudal Age
13:15 Fishing Lines
13:25 Double-Bit Axe
17:48 Stone Mining
18:59 Gold Mining
22:47 Castle Age
24:22 Gold Shaft Mining
24:28 Bow Saw
25:56 Forging
25:46 Scale Mail Armor
28:02 Chain Mail Armor
30:32 Iron Casting
30:22 Gillnets
36:29 Imperial Age
36:38 Capped Ram
37:48 Elite Woad Raider
40:24 Blast Furnace
39:54 Plate Mail Armor
41:33 Wheelbarrow
41:21 Siege Ram
42:25 Furor Celtica
43:08 Conscription
SuperDomeDome
5:44 Loom
12:49 Feudal Age
16:55 Castle Age
23:33 Imperial Age
21:32 Double-Bit Axe
21:42 Gold Mining
24:33 Fervor
Connection lost

Rejoining the realm…

Still unreachable

The connection could not be restored.

Session expired

The server has moved on; the page needs a fresh start.